 Dungeon Crawl Stone Soup version 0.31.0-9-g3a7656b989 (webtiles) character file.

Game seed: 10890950655070662502

105 Arcadio the Trooper (level 4, -1/37 HPs)
             Began as a Human Monk on Jan 24, 2024.
             Slain by Grinder (7 damage)
             ... on level 3 of the Dungeon.
             The game lasted 00:04:18 (1706 turns).

Arcadio the Trooper (Human Monk)                    Turns: 1706, Time: 00:04:18

Health: -1/37      AC: 13    Str: 11    XL:     4   Next: 83%
Magic:  4/4        EV:  3    Int: 17    God:
Gold:   177        SH:  0    Dex: 17    Spells: 3/3 levels left

rFire   . . .        t - +2 hand axe (flame)
rCold   . . .        d - orb {light}
rNeg    . . .        e - +0 plate armour
rPois   .            p - +0 helmet
rElec   .            g - +0 cloak
rCorr   .            (no gloves)
SInv    .            (no boots)
Will    .....        (no amulet) Stlth
                     j - +6 ring of intelligence
HPRegen 0.26/turn    (no ring)
MPRegen 0.09/turn

%: no passive effects
@: confused, ambrosia-drunk, glowing
A: explore regen
a: no special abilities


You were on level 3 of the Dungeon.
You visited 1 branch of the dungeon, and saw 3 of its levels.

You collected 177 gold pieces.

Inventory:

Hand Weapons
 a - a +0 short sword
 t - a +2 hand axe of flaming (weapon)
Armour
 b - a +0 robe
 d - an orb of light (worn)
 e - a +0 plate armour (worn)
 g - a +0 cloak (worn)
 p - a +0 helmet (worn)
 u - a +0 leather armour
Jewellery
 j - a +6 ring of intelligence (left hand)
 v - a +5 ring of evasion
Scrolls
 h - a scroll of immolation {unknown}
 k - a scroll of fog
 m - a scroll of teleportation {unknown}
 n - a scroll of silence {unknown}
 o - a scroll of poison {unknown}
 q - a scroll of enchant armour {unknown}
 r - a scroll of revelation {unknown}
Potions
 f - 2 potions of curing {unknown}
 i - 2 potions of lignification {unknown}
 l - a potion of cancellation {unknown}
 s - a potion of brilliance {unknown}


   Skills:
 + Level 4.0 Fighting
 + Level 3.9 Short Blades
 + Level 2.2 Armour
 - Level 3.0 Dodging


You had 3 spell levels left.
You didn't know any spells.
Your spell library contained the following spells:

 Spells                   Type           Power      Damage    Failure   Level
 Apportation              Tloc           0%         N/A       100%        1
 Jinxbite                 Hex            0%         N/A       100%        2
 Volatile Blastmotes      Fire/Tloc      0%         2d10      100%        3
 Fulminant Prism          Conj/Alch      0%         3d5       100%        4
 Iskenderun's Mystic Bla  Conj/Tloc      0%         2d3       100%        4
 Alistair's Intoxication  Alch           0%         N/A       100%        5
 Summon Forest            Summ/Tloc      0%         N/A       100%        5
 Yara's Violent Unravell  Hex/Alch       0%         3d3       100%        5
 Eringya's Noxious Bog    Alch           0%         4d6       100%        6
 Enfeeble                 Hex            0%         N/A       100%        7
 Summon Hydra             Summ           0%         N/A       100%        7


Dungeon Overview and Level Annotations

Branches:
Dungeon (3/15)

Altars:

Shops:
D:1 ?

Annotations:
D:3 2 transporters, Grinder; diceflayer's ghost, weakling DsSh


Innate Abilities, Weirdness & Mutations

You regain HP and MP as you explore.


Message History

You see here a +0 leather armour.
Okay, then.
Sorry, you're not good enough to have a special ability.
Unknown command.
Grinder gestures at you.
You suddenly lose the ability to move!
Grinder grins, showing sharp teeth.
Grinder gestures at you. Pain shoots through your body!
Grinder hits you but does no damage.
You can move again.
You see here a +0 leather armour.
You hit Grinder. You burn Grinder.
Grinder is lightly wounded.
Grinder grins, showing sharp teeth.
Grinder hits you but does no damage.
You hit Grinder. You burn Grinder.
Grinder is moderately wounded.
Grinder hits you but does no damage.
You hit Grinder but do no damage.
Grinder is moderately wounded.
Grinder says, "My boss said I was rubbish.
His entrails said otherwise."
Grinder hits you. x2; You writhe in agony.
You barely miss Grinder.
Grinder is moderately wounded.
Grinder hits you.
You writhe in agony.
* * * LOW HITPOINT WARNING * * *
You hit Grinder. You burn Grinder.
Grinder is moderately wounded.
Grinder gestures at you.
You suddenly lose the ability to move!
Grinder hits you.
* * * LOW HITPOINT WARNING * * *
You writhe in agony.
* * * LOW HITPOINT WARNING * * *
You can move again.
You are confused.
You feel invigorated. Grinder hits you!
You die...
Grinder sighs, "Dead already?
I want a refund."

..###. #####..##.## ####..### .##
.#..$[.....#.[#######...## .#
...###=..##W##.....#####..#
.##.#.....#.....#.###...####.####
..#5.5#..©.W##..#.# ###.......#..
#.#..##..#......#.# ##.........
.)# ...# .#...##.# #..........
..## ... #...©#..# #..........
...## ## .### #@## #..........
....# #...5.# #.......... .......
......### #.........) ........
...... ##......... ..##.... .....
##.....#.. ### ###. .....
######### .... ....


You could see Grinder.

Vanquished Creatures
  3 adders
  2 ribbon worms (D:2)
  5 dart slugs
  An orc (D:3)
  8 bats
  3 endoplasms (D:2)
  2 giant cockroaches (D:1)
  8 goblins
  5 hobgoblins
  4 jackals (D:3)
  6 kobolds
  8 ball pythons
  A frilled lizard (D:1)
  A rat (D:1)
57 creatures vanquished.

Notes
Turn   | Place    | Note
-------+----------+-------------------------------------------
     0 | D:1      | Arcadio the Human Monk began the quest for the Orb.
     0 | D:1      | Reached XP level 1. HP: 18/18 MP: 1/1
    63 | D:1      | Found Axkeew's Magic Scroll Boutique.
    85 | D:1      | Reached XP level 2. HP: 24/24 MP: 2/2
   141 | D:1      | Reached skill level 1 in Armour
   238 | D:1      | Reached XP level 3. HP: 29/29 MP: 3/3
   913 | D:2      | Reached XP level 4. HP: 29/37 MP: 4/4
  1278 | D:3      | Noticed diceflayer's ghost (weakling DsSh)
  1517 | D:3      | Reached skill level 4 in Fighting
  1601 | D:3      | Found a transporter.
  1620 | D:3      | Found a transporter.
  1694 | D:3      | Noticed Grinder
  1696 | D:3      | Paralysed by Grinder for 4 turns
  1704 | D:3      | Paralysed by Grinder for 2 turns
  1706 | D:3      | Slain by Grinder

Illustrated notes

Levels and vault maps discovered:
D:1:      dpeg_arrival_tiny_j, layout_loops_ring, serial_shops, shop
D:2:      layout_rooms, grunt_ministairs_7, mrwooster_statue_mirror
D:3:      layout_rooms, gammafunk_ghost_stat_death, uniq_grinder

Skill      XL: |  1  2  3  4 |
---------------+-------------+-----
Armour         | 1 2 |  2.2
Fighting       | 4 |  4.0
Short Blades   | |  3.9
Dodging        | |  3.0

Action                     |  1- 3 |  4- 6 || total
---------------------------+-------+-------++-------
  Melee: Short sword       |   141 |    82 ||   223
         Hand axe          |       |     5 ||     5
    Use: Scroll            |       |     1 ||     1
         Potion            |       |     1 ||     1
 Armour: Plate armour      |   161 |    69 ||   230
  Dodge: Dodged            |    20 |    14 ||    34
